 Dungeon Crawl Stone Soup version 0.18.1-48-g4cf74bf (webtiles) character file.

23900 Mellonil the Cleaver (level 13, -30/122 HPs)
             Began as a Hill Orc Fighter on Aug 19, 2016.
             Was the Champion of Makhleb.
             Killed from afar by an ice dragon (39 damage)
             ... with a blast of cold
             ... in an ice cave on Aug 20, 2016.
             The game lasted 01:24:42 (15825 turns).

Mellonil the Cleaver (Hill Orc Fighter)            Turns: 15825, Time: 01:24:43

Health: -30/122    AC: 22    Str: 24    XL:     13   Next: 9%
Magic:  0/13       EV:  7    Int:  8    God:    Makhleb [******]
Gold:   934        SH: 13    Dex: 10    Spells: 0 memorised, 12 levels left

rFire  . . .     SeeInvis .     C - +2 hand axe (flame)
rCold  . . .     Gourm    .     A - +0 plate armour
rNeg   . . .     Faith    .     c - +0 shield
rPois  .         Spirit   +     u - +2 helmet
rElec  .         Dismiss  .     I - +0 cloak
rCorr  .         Reflect  .     E - +0 pair of gloves
SustAt .         Harm     .     (no boots)
MR     +....                    a - amulet of guardian spirit
Stlth  ..........               J - ring of protection from magic
                                l - +3 ring of slaying

@: somewhat resistant to hostile enchantments, extremely unstealthy
A: no striking features
a: Minor Destruction, Lesser Servant of Makhleb, Major Destruction, Greater
Servant of Makhleb, Renounce Religion


You were in an ice cave.
You worshipped Makhleb.
Makhleb was exalted by your worship.
You were not hungry.

You visited 2 branches of the dungeon, and saw 14 of its levels.
You also visited: Ice Cave.

You collected 934 gold pieces.

Inventory:

Hand Weapons
 v - a +1 hand axe of chopping
 C - a +2 hand axe of flaming (weapon)
Missiles
 z - 159 sling bullets
Armour
 c - a +0 shield (worn)
 u - a +2 helmet (worn)
 A - a +0 plate armour (worn)
 E - a +0 pair of gloves (worn)
 I - a +0 cloak (worn)
Jewellery
 a - an amulet of guardian spirit (around neck)
 b - an uncursed ring of protection from cold
 l - a +3 ring of slaying (left hand)
 J - a ring of protection from magic (right hand)
Wands
 q - a wand of enslavement (10/24)
 H - a wand of acid (6/15)
Scrolls
 e - 2 scrolls of blinking
 j - 2 scrolls of magic mapping
 k - 7 scrolls of remove curse
 w - 2 scrolls of enchant weapon
 y - 2 scrolls of enchant armour
 B - 2 scrolls of teleportation
 K - a scroll of identify
 M - a scroll of amnesia
Potions
 h - a potion of curing
 i - 2 potions of agility {unknown}
 m - 2 potions of magic {unknown}
 n - 2 potions of cancellation {unknown}
 r - 2 potions of lignification {unknown}
 s - 2 potions of haste {unknown}
 x - a potion of degeneration {unknown}
 D - 2 potions of berserk rage {unknown}
 F - a potion of brilliance {unknown}
Comestibles
 d - 18 fruits
 f - 6 bread rations
 g - 8 meat rations
 o - 2 beef jerkies
 t - 6 slices of pizza


   Skills:
 + Level 13.0 Fighting
 + Level 13.9 Axes
 + Level 12.1 Armour
 + Level 12.3 Shields


You had 12 spell levels left.
You didn't know any spells.

Dungeon Overview and Level Annotations

Branches:
Dungeon (13/15)            Temple (0/1) D:5            Lair (1/8) D:10
    Orc (0/2) D:9
 Vaults: D:13-14

Altars:
Cheibriados
Fedhas
Makhleb
Okawaru
Qazlal
Ru
Sif Muna
Vehumet
Yredelemnul

Shops:
D:4 (   D:6 :[   D:7 [   D:9 %

Annotations:
D:8 Erolcha
D:13 Azrael


Message History

The ice dragon is moderately wounded.
You hit the ice dragon. You burn the ice dragon.
The ice dragon is moderately wounded.
The ice dragon bites you. The ice dragon claws you.
The ice dragon tramples you but does no damage.
You hit the ice dragon. You burn the ice dragon.
The ice dragon is heavily wounded.
You slash the ice dragon! You burn the ice dragon!
The ice dragon is severely wounded.
You hit the ice dragon but do no damage.
The ice dragon is severely wounded.
The ice dragon bites you but does no damage.
The ice dragon claws you. The ice dragon tramples you.
You hold your ground!
The ice dragon breathes frost at you. The blast of cold hits you!
* * * LOW HITPOINT WARNING * * *
The ice dragon breathes frost at you.
The blast of cold hits the ice dragon.
The ice dragon resists.
The blast of cold hits you!
You die...

#..### ####
##...######
###......##
####....##
####..## ###
##..###.##
##.#....#
#...##.#
#####@.### .
#..D##.## ...
##.D....#..D..
####......#
########


You could see 2 ice dragons.

Vanquished Creatures
  Gastronok (D:10)
  A stone giant (D:11)
  2 hydras
  The ghost of Xelenos the Fighter, a novice MiFi of Okawaru (D:9)
  A deep troll (D:11)
  3 unseen horrors
  A wizard (D:11)
  3 ugly things
  2 cyclopes
  Joseph (D:7)
  2 ice statues (IceCv)
  2 gargoyles
  A tengu conjurer (D:11)
  6 slime creatures (D:12)
  2 trolls
  A wraith (D:11)
  8 yaks
  3 fire elementals (D:13)
  A hippogriff (D:8)
  2 hungry ghosts
  Edmund (D:5)
  A mottled dragon (D:12)
  2 water moccasins
  2 hell hounds (D:13)
  A black bear (D:7)
  12 orc warriors
  2 sky beasts
  2 phantoms
  A wasp (D:12)
  A necrophage (D:13)
  16 ice beasts
  An eye of draining (D:12)
  7 ogres
  9 centaurs
  3 big kobolds (D:9)
  3 giant frogs
  A wyvern skeleton (D:9)
  17 killer bees
  2 scorpions
  2 electric eels (D:7)
  7 howler monkeys
  8 crimson imps
  2 centaur zombies
  A wasp zombie (D:12)
  7 hounds
  3 giant frog zombies
  2 giant frog skeletons
  6 jellies
  8 orc priests
  9 orc wizards
  2 centaur skeletons
  4 iguanas
  2 worker ants
  2 sheep (D:9)
  A hound zombie (D:7)
  2 hound skeletons
  3 worker ant zombies
  8 gnolls
  4 river rats (D:10)
  18 adders
  6 shadow imps
  An ooze (D:1)
  An adder skeleton (D:8)
  An adder zombie (D:7)
  A worm (D:3)
  3 dart slugs
  3 giant geckos
  47 orcs
  2 giant cockroaches
  9 goblins
  5 hobgoblins
  7 jackals
  10 kobolds
  4 quokkas
  16 bats
  2 giant gecko skeletons
  6 giant newts
  15 rats
  3 butterflies (D:5)
  2 fungi (D:10)
373 creatures vanquished.

Vanquished Creatures (others)
  An unseen horror (D:12)
  3 fungi (D:10)
4 creatures vanquished.

Grand Total: 377 creatures vanquished

Notes
Turn   | Place    | Note
--------------------------------------------------------------
     0 | D:1      | Mellonil the Hill Orc Fighter began the quest for the Orb.
     0 | D:1      | Reached XP level 1. HP: 19/19 MP: 1/1
   122 | D:1      | Reached XP level 2. HP: 10/26 MP: 2/2
   436 | D:1      | Reached XP level 3. HP: 33/33 MP: 3/3
  1352 | D:2      | Reached XP level 4. HP: 37/40 MP: 4/4
  1727 | D:3      | Reached XP level 5. HP: 44/46 MP: 5/5
  2401 | D:4      | Found a burning altar of Makhleb.
  2416 | D:4      | Became a worshipper of Makhleb the Destroyer
  2546 | D:4      | Found Pohon's Weapon Boutique.
  2565 | D:4      | Reached XP level 6. HP: 55/55 MP: 6/6
  2814 | D:4      | Reached skill level 5 in Fighting
  3186 | D:5      | Entered Level 5 of the Dungeon
  3236 | D:5      | Noticed Edmund
  3250 | D:5      | Killed Edmund
  3250 | D:5      | Reached skill level 5 in Axes
  3250 | D:5      | Reached skill level 5 in Armour
  3250 | D:5      | Reached skill level 5 in Shields
  3250 | D:5      | Reached XP level 7. HP: 45/61 MP: 7/7
  3486 | D:5      | Found a stormy altar of Qazlal.
  3616 | D:5      | Found a staircase to the Ecumenical Temple.
  3679 | D:5      | Found a stormy altar of Qazlal.
  3696 | D:5      | Found a blossoming altar of Fedhas.
  3747 | D:5      | Found a deep blue altar of Sif Muna.
  3961 | D:5      | Reached * piety under Makhleb
  4263 | D:5      | Found a radiant altar of Vehumet.
  4265 | D:5      | Found a snail-covered altar of Cheibriados.
  4596 | D:5      | Reached XP level 8. HP: 52/70 MP: 8/8
  4878 | D:6      | Found Naqum's Book Boutique.
  4882 | D:6      | Found an iron altar of Okawaru.
  5274 | D:6      | Reached ** piety under Makhleb
  5693 | D:6      | Found Ijothripp's Armour Shop.
  6515 | D:7      | Noticed Joseph
  6539 | D:7      | Killed Joseph
  6539 | D:7      | Reached XP level 9. HP: 69/81 MP: 9/9
  6882 | D:7      | Reached *** piety under Makhleb
  7016 | D:7      | Found Zuozomim's Antique Armour Shoppe.
  8533 | D:8      | Noticed Erolcha
  8613 | D:9      | Reached XP level 10. HP: 91/91 MP: 10/10
  8755 | D:9      | Reached **** piety under Makhleb
  8777 | D:9      | Noticed a three-headed hydra
  8792 | D:9      | Killed a one-headed hydra
  8835 | D:9      | Found Naimy's Food Emporium.
  8855 | D:9      | Reached skill level 10 in Axes
  9131 | D:9      | Reached skill level 10 in Fighting
  9191 | D:9      | Found a staircase to the Orcish Mines.
  9426 | D:9      | Noticed Xelenos's ghost (novice MiFi)
  9483 | D:9      | Killed Xelenos's ghost
  9659 | D:10     | Entered Level 10 of the Dungeon
  9775 | D:10     | Reached ***** piety under Makhleb
  9788 | D:10     | Reached XP level 11. HP: 98/101 MP: 11/11
  9821 | D:10     | Found a staircase to the Lair.
  9926 | D:10     | Noticed Gastronok
  9947 | D:10     | Killed Gastronok
  9947 | D:10     | Reached skill level 10 in Shields
 10195 | D:10     | Killed an unseen horror
 10195 | D:10     | Reached skill level 10 in Armour
 11221 | D:10     | Identified a scroll of acquirement
 11597 | D:11     | Killed an unseen horror
 11664 | D:11     | Killed an unseen horror
 12041 | D:11     | Found a large runed door.
 12043 | D:11     | Noticed an eight-headed hydra
 12063 | D:11     | Killed a one-headed hydra
 12076 | D:11     | Reached XP level 12. HP: 82/111 MP: 9/12
 12119 | D:11     | Found a large runed door.
 12612 | D:11     | Found a basalt altar of Yredelemnul.
 12646 | D:11     | Found a sacrificial altar of Ru.
 12646 | D:11     | Noticed a stone giant
 12656 | D:11     | Killed a stone giant
 13343 | D:12     | Paralysed by a wasp for 1 turns
 13684 | D:12     | Reached ****** piety under Makhleb
 14498 | D:13     | Noticed Azrael
 15169 | Lair:1   | Entered Level 1 of the Lair of Beasts
 15196 | Lair:1   | Found a frozen archway.
 15205 | IceCv    | Entered an ice cave
 15338 | IceCv    | Reached XP level 13. HP: 73/119 MP: 8/13
 15805 | IceCv    | Noticed an ice dragon
 15816 | IceCv    | Noticed an ice dragon
 15825 | IceCv    | Killed from afar by an ice dragon

Skill      XL: |  1  2  3  4  5  6  7  8  9 10 11 12 13 |
---------------+----------------------------------------+-----
Axes           | 3 4 5 6 8 9 10 12 13 | 13.9
Shields        | 4 5 7 8 9 10 12 | 12.3
Fighting       | 4 5 6 7 9 10 11 12 13 | 13.0
Armour         | 4 5 7 8 9 10 12 | 12.1

Action                   |  1- 3 |  4- 6 |  7- 9 | 10-12 | 13-15 || total
-------------------------+-------+-------+-------+-------+-------++-------
Melee: War axe           |   104 |   128 |       |       |       ||   232
       Hand axe          |       |    56 |   408 |   973 |    63 ||  1500
  Use: Scroll            |       |     6 |     1 |    15 |     1 ||    23
       Potion            |       |     1 |     1 |     6 |       ||     8
  Eat: Chunk             |     1 |     7 |    17 |    19 |       ||    44
       Fruit             |       |       |       |     2 |       ||     2
       Royal jelly       |       |       |       |     2 |     1 ||     3
Armor: Scale mail        |    31 |    67 |    48 |       |       ||   146
       Plate armour      |       |       |    69 |   352 |    21 ||   442
Dodge: Dodged            |    27 |    53 |    63 |   126 |     7 ||   276
Block: Shield            |    54 |    88 |   166 |   385 |    15 ||   708
